 Dungeon Crawl Stone Soup version 0.20-a0-222-gb69ddcd (webtiles) character file.

2639 Leszczynek the Basher (level 9, 0/64 (65) HPs)
             Began as a Vampire Wanderer on Nov 29, 2016.
             Was an Elder of Cheibriados.
             Slain by Grum
             ... wielding a +0 spear of venom
              (4 damage)
             ... on level 8 of the Dungeon.
             The game lasted 00:25:45 (9372 turns).

Leszczynek the Basher (Vampire Wanderer)            Turns: 9372, Time: 00:25:47

HP:   0/64 (65)     AC:  9    Str: 19      XL:     9   Next: 35%
MP:   9/9           EV: 14    Int: 24      God:    Cheibriados [****..]
Gold: 67            SH:  0    Dex: 28 (31) Spells: 7/9 levels left

rFire  . . .     SeeInvis +     a - +2 whip (venom)
rCold  + . .     Gourm    .     m - +0 scale mail
rNeg   + + .     Faith    .     (no shield)
rPois  +         Spirit   .     (no helmet)
rElec  +         Reflect  .     (no cloak)
rCorr  .         Harm     .     (no gloves)
MR     .....                    k - +1 pair of boots
Stlth  +++.......               (no amulet)
                                i - +3 ring of dexterity
                                p - +1 ring of protection

@: about to teleport, regenerating slowly, hasted, slow
A: fangs 3, see invisible, agile 1, deterioration 1, electricity resistance,
unbreathing
a: Bat Form, Bend Time, Temporal Distortion, Slouch, Renounce Religion


You were on level 8 of the Dungeon.
You worshipped Cheibriados.
Cheibriados was greatly pleased with you.
You were thirsty.

You visited 1 branch of the dungeon, and saw 8 of its levels.
You also visited: Ossuary.

You collected 217 gold pieces.
You spent 150 gold pieces at shops.

Inventory:

Hand Weapons
 a - a +2 whip of venom (weapon)
 b - a +1 flail
Missiles
 g - 8 tomahawks (quivered)
 l - 5 javelins
Armour
 k - a +1 pair of boots (worn)
 m - a +0 scale mail (worn)
 w - a +0 plate armour
Jewellery
 i - a +3 ring of dexterity (right hand)
 j - an uncursed ring of protection from magic
 n - an uncursed amulet of guardian spirit {unknown}
 p - a +1 ring of protection (left hand)
 u - an uncursed ring of protection from magic
 y - an uncursed ring of wizardry
Wands
 h - a wand of confusion (16/48)
 q - a wand of confusion (13/48)
Scrolls
 o - a scroll of enchant weapon
 x - a scroll of teleportation
 z - 2 scrolls of remove curse
 A - a scroll of fog
Potions
 c - 3 potions of lignification {!q}
 d - 2 potions of brilliance {unknown}
 e - 3 potions of flight
 f - 9 potions of blood {@q0}
 s - 2 potions of magic {unknown}
 v - 2 potions of haste
 B - a potion of invisibility {unknown}


   Skills:
 + Level 4.1 Fighting
 * Level 9.2 Maces & Flails
 - Level 5.0 Dodging
 - Level 3.0 Stealth
   Level 1.0 Shields
 - Level 1.1 Unarmed Combat
 - Level 0.5 Spellcasting
   Level 2.0 Summonings
 - Level 3.2 Transmutations


You had 7 spell levels left.
You knew the following spells:

 Your Spells              Type           Power        Failure   Level  Hunger
a - Passwall              Tmut/Erth      #.........   38%         2    ###....


Dungeon Overview and Level Annotations

Branches:
Dungeon (8/15)             Temple (0/1) D:4            Lair (0/6) D:8

Altars:
Cheibriados
Elyvilon
Gozag
Nemelex Xobeh
Qazlal
Vehumet
Yredelemnul

Shops:
D:5 *

Annotations:
D:2 gnoll (flail)
D:3 Natasha
D:8 exclusions: big kobold, 2 death yaks, 2 kobolds, zombie and 1 more exclusion, Grum


Innate Abilities, Weirdness & Mutations

You heal slowly.
You have razor-sharp teeth.
You have supernaturally acute eyesight. (SInv)
You can survive without breathing.
You are agile. (Dex +2)
Your body sometimes deteriorates upon taking damage.
You are resistant to electric shocks. (rElec)


Message History

The wolf misses you. x2; Grum hits you with a spear of venom!
The wolf closely misses you. Grum completely misses you.
The wolf bites you but does no damage.
Okay, then.
Okay, then.
As you read the scroll of teleportation, it crumbles to dust.
You feel strangely unstable. The wolf closely misses you. The wolf bites you.
* * * LOW HITPOINT WARNING * * *
The wolf bites you!
* * * LOW HITPOINT WARNING * * *
Grum closely misses you.
Unknown command.
Unknown command.
It was a potion of haste.
You feel yourself speed up.
Cheibriados forgives your accidental hurry, just this once.
The wolf bites you.
* * * LOW HITPOINT WARNING * * *
The wolf closely misses you. x2; The wolf bites you but does no damage.
Grum hits you with a spear of venom.
You die...

#..# #......##
#..####.....##
#...##......##
#...........###
#......##.....###
##..#######......
#..## ###....
##†.# ##...
##@h## #....
##.hg# #....
#...## #...#.
#....# ##....
#.....# .....
........# #...##
.......## #...##
....... ....
#...... ....


You could see Grum and 2 wolves.

Vanquished Creatures
  The ghost of Gruesome the Covert, a novice OpAs of Cheibriados (D:5)
  3 ice beasts
  A sky beast (D:5)
  A necrophage (D:7)
  2 ogres (D:5)
  4 centaurs
  3 scorpions
  A killer bee (D:8)
  3 crimson imps (D:5)
  6 hounds
  A quasit (D:7)
  2 jellies
  A gnoll shaman (D:5)
  A bullfrog skeleton (D:4)
  2 orc wizards
  An orc priest (D:4)
  An iguana (D:3)
  4 worker ants
  5 big kobold zombies (Ossuary)
  A hound skeleton (D:4)
  3 mummies
  A worker ant zombie (D:3)
  17 adders
  16 gnolls
  2 oozes
  4 adder zombies
  An adder skeleton (D:5)
  A worm (D:2)
  3 dart slugs
  2 leopard geckos
  11 orcs
  A ball python (D:3)
  7 bats
  5 giant cockroaches
  8 goblins
  5 hobgoblins
  2 jackals (D:2)
  5 kobolds
  4 quokkas
  5 frilled lizards
  2 goblin zombies (D:7)
  15 hobgoblin zombies (Ossuary)
  6 kobold zombies (Ossuary)
  A leopard gecko zombie (D:5)
  6 orc zombies (Ossuary)
  A quokka skeleton (D:7)
  5 rats
183 creatures vanquished.

Notes
Turn   | Place    | Note
-------+----------+-------------------------------------------
     0 | D:1      | Leszczynek the Vampire Wanderer began the quest for the Orb.
     0 | D:1      | Leszczynek set off with: a book of Geomancy, a scroll of teleportation, a potion of lignification {!q}, a +0 robe, a +0 dagger, a potion of blood {@q0}
     0 | D:1      | Reached XP level 1. HP: 15/15 MP: 1/1
     0 | D:1      | TACTICS
     0 | D:1      | basically if you can't kill that kobold with a whip straight away at xl 1
     0 | D:1      | you're dead
     0 | D:1      | T A C T I C S
     0 | D:1      | wow
     0 | D:1      | i have a spellbook start without spellcasting
     0 | D:1      | amazing
   303 | D:1      | Reached skill level 1 in Dodging
   319 | D:1      | Reached XP level 2. HP: 21/21 MP: 2/2
   728 | D:1      | Reached skill level 2 in Dodging
   805 | D:1      | Learned a level 2 spell: Passwall
  1102 | D:2      | Reached skill level 1 in Maces & Flails
  1102 | D:2      | Reached XP level 3. HP: 26/26 MP: 3/3
  1238 | D:2      | Found a radiant altar of Vehumet.
  1376 | D:2      | Reached skill level 2 in Maces & Flails
  1536 | D:2      | Reached XP level 4. HP: 30/32 MP: 4/4
  2551 | D:3      | Found a white marble altar of Elyvilon.
  2609 | D:3      | Reached skill level 3 in Maces & Flails
  2622 | D:3      | Reached XP level 5. HP: 28/37 MP: 5/5
  3089 | D:3      | Noticed Natasha
  3124 | D:3      | Found a stormy altar of Qazlal.
  3124 | D:3      | Found a snail-covered altar of Cheibriados.
  3130 | D:3      | Found an opulent altar of Gozag.
  3132 | D:3      | Found a basalt altar of Yredelemnul.
  3146 | D:3      | Found a sparkling altar of Nemelex Xobeh.
  3153 | D:3      | Became a worshipper of Cheibriados the Contemplative
  3154 | D:3      | surely this is a good idea
  3179 | D:3      | Reached skill level 4 in Maces & Flails
  3839 | D:3      | Noticed a centaur
  3846 | D:3      | Killed a centaur
  3846 | D:3      | Reached XP level 6. HP: 40/43 MP: 6/6
  3906 | D:3      | Gained mutation: You are weak. (Str -2) [potion of mutation]
  3906 | D:3      | Gained mutation: You are agile. (Dex +2) [potion of mutation]
  3907 | D:3      | well, i've seen better
  3973 | D:4      | Reached skill level 5 in Maces & Flails
  3994 | D:4      | Reached * piety under Cheibriados
  4394 | D:4      | Found a staircase to the Ecumenical Temple.
  4635 | D:4      | Reached XP level 7. HP: 48/48 MP: 7/7
  4675 | D:4      | Reached skill level 3 in Dodging
  4823 | D:5      | Entered Level 5 of the Dungeon
  4823 | D:5      | Noticed Gruesome's ghost (novice OpAs)
  4842 | D:5      | Killed Gruesome's ghost
  4842 | D:5      | Reached skill level 6 in Maces & Flails
  4842 | D:5      | Reached skill level 4 in Dodging
  5891 | D:5      | Reached XP level 8. HP: 49/54 MP: 8/8
  6048 | D:5      | oops
  6058 | D:5      | Reached skill level 7 in Maces & Flails
  6344 | D:5      | Reached skill level 5 in Dodging
  6417 | D:5      | Found Jeuja's Assorted Antiques.
  6448 | D:5      | Reached ** piety under Cheibriados
  6456 | D:5      | Reached skill level 2 in Fighting
  6707 | D:5      | Bought a scroll labeled WOYTTO XEMECH for 26 gold pieces
  6707 | D:5      | Bought 2 lumpy yellow potions for 46 gold pieces
  6707 | D:5      | Bought a scroll of teleportation for 78 gold pieces
  7185 | D:5      | Reached skill level 8 in Maces & Flails
  7506 | D:5      | Reached skill level 3 in Fighting
  7605 | D:6      | You fall through a shaft!
  7815 | D:7      | Found a sand-covered staircase.
  7911 | Ossuary  | Entered an ossuary
  8040 | Ossuary  | Reached XP level 9. HP: 53/63 MP: 9/9
  8086 | Ossuary  | Reached *** piety under Cheibriados
  8403 | Ossuary  | Identified a scroll of acquirement
  8542 | D:7      | Lost mutation: You are weak. (Str -2) [potion of mutation]
  8542 | D:7      | Gained mutation: You are resistant to electric shocks. (rElec) [potion of mutation]
  8542 | D:7      | Gained mutation: Your body sometimes deteriorates upon taking damage. [potion of mutation]
  8951 | D:7      | Reached **** piety under Cheibriados
  9047 | D:8      | Found a white marble altar of Elyvilon.
  9047 | D:8      | Found a staircase to the Lair.
  9047 | D:8      | Noticed a death yak
  9048 | D:8      | death yak
  9048 | D:8      | uh huh
  9125 | D:8      | Noticed a death yak
  9127 | D:8      | two actually
  9127 | D:8      | on d:8
  9156 | D:8      | Reached skill level 9 in Maces & Flails
  9339 | D:8      | Reached skill level 4 in Fighting
  9361 | D:8      | Noticed Grum
  9372 | D:8      | HP: 4/64 [wolf[Grum] (3)]
  9372 | D:8      | Slain by Grum

Vault maps used:
D:1:      zelgadis_glass_arrival_large, minmay_misc_feat_alley, minivault_11
D:2:      vehumet_crystals
D:3:      chequers_temple_overflow_minitemple, elyvilon_altar_1, uniq_natasha
D:5:      serial_shops, shop, first_bread
D:6:      nicolae_ru_great_annihilating_truth
D:7:      nicolae_ossuary_entry_giza
D:8:      minmay_overflow_temple_star_quad, dpeg_lair_monsters, basic_altar,
          the_bakery, uniq_grum
Ossuary:  ossuary_tomb_1

Skill      XL: |  1  2  3  4  5  6  7  8  9 |
---------------+----------------------------+-----
Dodging        | 1 2 4 5 |  5.0
Maces & Flails | 1 2 3 4 5 6 8 9 |  9.2
Fighting       | 3 4 |  4.1
Stealth        | |  3.0
Shields        | |  1.0
Unarmed Combat | |  1.1
Spellcasting   | |  0.5
Summonings     | |  2.0
Transmutations | |  3.2

Action                   |  1- 3 |  4- 6 |  7- 9 || total
-------------------------+-------+-------+-------++-------
Melee: Whip              |    73 |   206 |   206 ||   485
       Dagger            |     2 |       |       ||     2
       Bite              |     5 |    29 |    65 ||    99
       Flail             |       |     9 |   245 ||   254
       Punch             |       |       |     1 ||     1
Throw: Tomahawk          |       |       |     1 ||     1
Invok: Bend Time         |       |       |     2 ||     2
 Abil: End Transformatio |       |     1 |       ||     1
       Bat Form          |       |     1 |       ||     1
  Use: Scroll            |     1 |    10 |     8 ||    19
       Potion            |       |     9 |     9 ||    18
 Stab: Sleeping          |     9 |     7 |    13 ||    29
       Distracted        |     1 |       |       ||     1
Armor: Robe              |     8 |       |       ||     8
       Ring mail         |    25 |    67 |    83 ||   175
       Scale mail        |       |       |    25 ||    25
Dodge: Dodged            |    33 |   100 |   299 ||   432
